 Dungeon Crawl Stone Soup version 0.30-a0-799-g109b55a442 (webtiles) character file.

Game seed: 10501344382765414498

2191 DskReedErrur the Destroyer (level 9, -8/45 HPs)
             Began as a Tengu Conjurer on Feb 17, 2023.
             Was an Initiate of Gozag.
             Shot with an arrow by a centaur warrior (10 damage)
             ... on level 7 of the Dungeon on Feb 21, 2023.
             The game lasted 02:06:58 (7822 turns).

DskReedErrur the Destroyer (Tengu Conjurer)         Turns: 7822, Time: 02:06:59

Health: -8/45      AC:  4    Str:  7    XL:     9   Next: 33%
Magic:  1/16       EV: 14    Int: 23    God:    Gozag
Gold:   557        SH:  0    Dex: 13    Spells: 0/16 levels left

rFire   . . .      SeeInvis +    d - +3 dagger (speed)
rCold   + . .      Faith    .    (no shield)
rNeg    . . .      Spirit   .    o - +0 robe "Ynuner" {rC+ SInv}
rPois   .          Reflect  .    (helmet restricted)
rElec   .          Harm     .    u - +0 cloak
rCorr   .          Rampage  .    t - +0 pair of gloves
Will    +....                    (boots unavailable)
Stlth   ++                       (no amulet)
HPRegen 0.27/turn                l - ring of willpower
MPRegen 0.15/turn                (no ring)

@: gold aura, flying quickly and evasively, hasted, very quick
A: beak, talons 3, nimble flight
a: Renounce Religion, Potion Petition, Call Merchant, Bribe Branch


You were on level 7 of the Dungeon.
You worshipped Gozag.
Gozag was pleased with you.
You visited 2 branches of the dungeon, and saw 8 of its levels.

You collected 742 gold pieces.
You spent 84 gold pieces at shops.
You paid 101 gold pieces to Gozag.

Inventory:

Hand Weapons
 d - a +3 dagger of speed (weapon)
Missiles
 f - 19 poisoned darts (quivered)
Armour
 o - the +0 robe "Ynuner" (worn) {rC+ SInv}
   (You took it off an orc wizard on level 4 of the Dungeon)

   rC:        It protects you from cold.
   SInv:      It lets you see invisible.
 t - a +0 pair of gloves (worn)
 u - a +0 cloak (worn)
Jewellery
 l - a ring of willpower (left hand)
Wands
 e - a wand of quicksilver (6)
 m - a wand of mindburst (11)
 s - a wand of paralysis (6)
Scrolls
 a - a scroll of fear {unknown}
 c - 2 scrolls of teleportation
 h - 4 scrolls of amnesia
 k - a scroll of identify
Potions
 b - a potion of magic
 g - 2 potions of lignification
 i - a potion of mutation
 n - a potion of berserk rage {unknown}
 p - 2 potions of might
 q - a potion of attraction {unknown}


   Skills:
 - Level 5.5 Short Blades
 - Level 2.1 Dodging
 - Level 2.0 Stealth
 + Level 4.1 Spellcasting
 + Level 10.2 Conjurations
 - Level 3.0 Hexes
 * Level 3.7 Necromancy
 - Level 2.8 Translocations
 - Level 2.3 Air Magic
 - Level 2.2 Poison Magic


You couldn't memorise any spells.
You knew the following spells:

 Your Spells              Type           Power      Damage    Failure   Level
a - Magic Dart            Conj           100%       1d8       1%          1
b - Searing Ray           Conj           100%       2d8       1%          2
c - Poisonous Vapours     Pois/Air       30%        N/A       6%          2
d - Fulminant Prism       Conj/Hex       17%        3d11      7%          4
e - Iskenderun's Mystic   Conj/Tloc      35%        2d8       7%          4
f - Vampiric Draining     Necr           22%        2d7       7%          3

Your spell library contained the following spells:

 Spells                   Type           Power      Damage    Failure   Level
 Static Discharge         Conj/Air       66%        2-5/arc   1%          2
 Dazzling Flash           Conj/Hex       70%        N/A       1%          3
 Slow                     Hex            72%        N/A       3%          1
 Sting                    Tmut/Pois      40%        1d5       6%          1
 Confusing Touch          Hex            18%        N/A       9%          3
 Vhi's Electric Charge    Tloc/Air       32%        N/A       11%         3
 Arcjolt                  Conj/Air       16%        1d26      22%         5
 Lightning Bolt           Conj/Air       16%        1d30      22%         5
 Olgreb's Toxic Radiance  Pois           15%        N/A       38%         4


Dungeon Overview and Level Annotations

Branches:
Dungeon (7/15)             Temple (1/1) D:5

Altars:
Ashenzari
Cheibriados
Dithmenos
Elyvilon
Fedhas
Gozag
Hepliaklqana
Kikubaaqudgha
Makhleb
Nemelex Xobeh
Okawaru
Qazlal
Ru
Sif Muna
Trog
Uskayaw
Vehumet
Wu Jian
Xom
Yredelemnul
Zin
The Shining One

Shops:
D:3 *   D:4 !   D:6 =


Innate Abilities, Weirdness & Mutations

You have a beak for a mouth.
You have claws for feet.
Your magical nature lets you fly swiftly and evasively.


Message History

Casting: Searing Ray (safe; 1% risk of failure)
Confirm with . or Enter, or press ? or * to list all spells.
Restarting spell: Searing Ray (safe; 1% risk of failure)
Press: ? - help, Shift-Dir - straight line, f/p - ice beast
Aim: an ice beast (severely wounded, 83% to hit)
The searing ray hits the ice beast.
The ice beast is severely wounded. (Press . to maintain the ray.)
A centaur warrior opens the door.
The ice beast misses you.
Casting: Searing Ray (safe; 1% risk of failure)
Confirm with . or Enter, or press ? or * to list all spells.
Aiming: Magic Dart (safe; 1% risk of failure)
Press: ? - help, Shift-Dir - straight line, f/p - ice beast
Aim: an ice beast (severely wounded, 100% to hit)
The magic dart hits the ice beast but does no damage.
The ice beast is severely wounded.
The centaur warrior shouts!
The ice beast misses you.
Aiming: Mindburst
Press: ? - help, Shift-Dir - straight line, f/p - ice beast
Aim: an ice beast (severely wounded, chance to affect: 64%)
The ice beast's mind is blasted!
You blow up the ice beast!
The centaur warrior wields a +0 longbow.
The centaur warrior shoots an arrow.
The arrow hits you!!
The centaur warrior shoots an arrow.
The arrow hits you!!
* * * LOW HITPOINT WARNING * * *
The scorpion is distracted by your dazzling golden aura.
A gargoyle opens the door.
Okay, then.
You feel better.
The scorpion is no longer distracted by gold.
A steam dragon comes into view.
You feel yourself speed up.
The centaur warrior shoots an arrow.
The arrow hits you!
* * * LOW HITPOINT WARNING * * *
The centaur warrior shoots an arrow.
The arrow misses you.
The centaur warrior shoots an arrow.
The arrow hits you!
You die...
Your body crumbles into a pile of gold.

... #..# #...##### ...
#..# #........ ###
###'###.# #...#####
...##.......# #...#
$....#.......####...##
..D.s8c...........# $
#9....$.####..#.####
#.....$.............
###@#####.##.##.####
#...# #.##.##.#
#..$..# ..##.##.####
#....$######........
#.....# #.##.####
##.$.## #.##.#
###########..#.#
#########...##..#.#
#....<....#.....#.#


You could see a centaur warrior, a steam dragon, a gargoyle and a scorpion.

Vanquished Creatures
  A steam dragon (D:6)
  Duvessa (D:5)
  An ice beast (D:7)
  An orc warrior (D:6)
  3 black bears
  A centaur (D:6)
  A kobold brigand (D:7)
  A phantom (D:7)
  Blork the orc (D:5)
  3 bullfrogs
  A necrophage (D:5)
  2 scorpions
  Dowan (D:5)
  5 orc priests
  A jelly (D:5)
  4 hounds
  Crazy Yiuf (D:6)
  Terence (D:3)
  2 iguanas
  5 orc wizards
  7 gnolls
  9 adders
  A white imp (D:5)
  An ufetubus (D:5)
  A worm (D:4)
  A dart slug (D:3)
  18 orcs
  9 ball pythons
  6 bats
  9 endoplasms
  3 giant cockroaches
  7 goblins
  4 hobgoblins
  3 jackals (D:3)
  7 kobolds
  4 quokkas
  3 frilled lizards
  7 rats
137 creatures vanquished.

Vanquished Creatures (others)
  19 fulminant prisms
19 creatures vanquished.

Grand Total: 156 creatures vanquished

Notes
Turn   | Place    | Note
-------+----------+-------------------------------------------
     0 | D:1      | DskReedErrur the Tengu Conjurer began the quest for the
                  | Orb.
     0 | D:1      | Reached XP level 1. HP: 10/10 MP: 4/4
   107 | D:1      | Reached XP level 2. HP: 15/15 MP: 0/6
   645 | D:1      | Reached XP level 3. HP: 19/19 MP: 5/7
   680 | D:1      | Reached skill level 6 in Conjurations
   733 | D:1      | Learned a level 2 spell: Searing Ray
   803 | D:2      | Reached skill level 1 in Hexes
   811 | D:2      | Reached XP level 4. HP: 6/24 MP: 1/8
  1638 | D:2      | Found an ornate altar of the Wu Jian Council.
  1797 | D:3      | Found Leoholet's Assorted Antiques.
  1971 | D:3      | Found a faded altar of an unknown god.
  2169 | D:3      | Learned a level 2 spell: Poisonous Vapours
  2179 | D:3      | Gained mutation: Your magical nature lets you fly swiftly
                  | and evasively. [Tengu growth]
  2179 | D:3      | Reached XP level 5. HP: 28/28 MP: 10/10
  2184 | D:3      | Learned a level 4 spell: Fulminant Prism
  2229 | D:3      | Reached skill level 7 in Conjurations
  2231 | D:3      | Reached skill level 1 in Poison Magic
  2447 | D:3      | Noticed Terence
  2476 | D:3      | Killed Terence
  2922 | D:4      | Reached XP level 6. HP: 32/32 MP: 9/11
  3126 | D:4      | Noticed a black bear
  3131 | D:4      | Killed a black bear
  3448 | D:4      | Identified the +0 robe "Ynuner" {rC+ SInv}
  3459 | D:4      | Reached XP level 7. HP: 26/36 MP: 0/12
  3604 | D:4      | Found a glowing silver altar of Zin.
  3605 | D:4      | Found a white marble altar of Elyvilon.
  3608 | D:4      | Found a burning altar of Makhleb.
  3608 | D:4      | Found a hide-covered altar of Uskayaw.
  3609 | D:4      | Found a hazy altar of Hepliaklqana.
  3658 | D:4      | Found Todgh's Distillery.
  3665 | D:4      | Bought a potion of curing for 36 gold pieces
  3665 | D:4      | Bought a potion of might for 48 gold pieces
  3828 | D:4      | Found an ancient bone altar of Kikubaaqudgha.
  4190 | D:5      | Entered Level 5 of the Dungeon
  4386 | D:5      | Reached skill level 1 in Short Blades
  4489 | D:5      | Reached skill level 8 in Conjurations
  4541 | D:5      | Identified the +0 leather armour of Pumuduik {Dex+2}
  4586 | D:5      | Noticed Blork the orc
  4592 | D:5      | Killed Blork the orc
  4777 | D:5      | Found a staircase to the Ecumenical Temple.
  4783 | Temple   | Entered the Ecumenical Temple
  4996 | Temple   | Upgraded the game from 0.30-a0-779-g7971cf19c3 to
                  | 0.30-a0-782-ge64f9170bb
  5037 | Temple   | Upgraded the game from 0.30-a0-782-ge64f9170bb to
                  | 0.30-a0-799-g109b55a442
  5056 | Temple   | Became a worshipper of Gozag Ym Sagoz the Greedy
  5262 | D:6      | Noticed a steam dragon
  5358 | D:6      | Noticed Duvessa
  5358 | D:6      | Noticed Dowan
  5672 | D:5      | Killed Dowan
  5673 | D:5      | Reached XP level 8. HP: 41/41 MP: 6/13
  5676 | D:5      | Killed Duvessa
  5677 | D:5      | Reached skill level 5 in Short Blades
  5991 | D:6      | Found Ykaliez's Jewellery Shoppe.
  6062 | D:6      | Reached skill level 9 in Conjurations
  6234 | D:6      | Reached skill level 1 in Translocations
  6301 | D:6      | Learned a level 4 spell: Iskenderun's Mystic Blast
  6943 | D:6      | Found a runed translucent door.
  6944 | D:6      | Noticed Crazy Yiuf
  6951 | D:6      | Killed Crazy Yiuf
  7159 | D:7      | Reached skill level 1 in Necromancy
  7159 | D:7      | Reached XP level 9. HP: 16/45 MP: 6/15
  7168 | D:6      | Reached skill level 10 in Conjurations
  7408 | D:7      | Found a shimmering altar of Xom.
  7562 | D:7      | Learned a level 3 spell: Vampiric Draining
  7723 | D:7      | Found a blossoming altar of Fedhas.
  7817 | D:7      | Noticed a centaur warrior
  7820 | D:7      | Noticed a gargoyle
  7821 | D:7      | HP: 2/45 [centaur warrior/arrow (14)]
  7822 | D:7      | Shot with an arrow by a centaur warrior

Illustrated notes

Levels and vault maps discovered:
D:1:      lemuel_arrival_broad_hall, layout_rooms
D:2:      layout_basic, basic_altar
D:3:      layout_basic, shapermc_ecumenical_altar_venn, serial_shops,
          nicolae_shop_trees, kennysheep_generic_room_10, uniq_terence
D:4:      layout_loops_cross, overflow_temple_1_default,
          grunt_temple_overflow_open, serial_shops, nicolae_shop_hallway_plus
D:5:      layout_rooms, temple_green, minivault_1, uniq_blork_the_orc
D:6:      layout_gridville, serial_shops, nicolae_shop_stone, uniq_duvessa,
          uniq_crazy_yiuf_cottage
D:7:      layout_loops_ring, lemuel_tele_altar, fedhas_altar_fruit_tree,
          minmay_three_doors
Temple:   eino_narrow_crystal_temple

Skill      XL: |  1  2  3  4  5  6  7  8  9 |
---------------+----------------------------+-----
Conjurations   | 6 7 8 9 10 | 10.2
Hexes          | 1 2 3 |  3.0
Spellcasting   | 3 4 |  4.1
Air Magic      | 2 |  2.3
Poison Magic   | 1 2 |  2.2
Short Blades   | 4 5 |  5.5
Translocations | 2 |  2.8
Necromancy     | 1 3 |  3.7
Dodging        | |  2.1
Stealth        | |  2.0

Action                     |  1- 3 |  4- 6 |  7- 9 || total
---------------------------+-------+-------+-------++-------
  Melee: Dagger            |    13 |    24 |    55 ||    92
         Kick              |     4 |     3 |    20 ||    27
         Peck              |     3 |     4 |     8 ||    15
  Throw: Dart              |       |     2 |       ||     2
   Cast: Magic Dart        |    40 |    75 |    63 ||   178
         Fulminant Prism   |       |     4 |    15 ||    19
         Poisonous Vapours |       |     7 |     3 ||    10
         Searing Ray       |       |     6 |    33 ||    39
         Iskenderun's Myst |       |       |     7 ||     7
         Vampiric Draining |       |       |     2 ||     2
  Evoke: Wand              |       |     3 |     3 ||     6
    Use: Scroll            |       |     8 |     6 ||    14
         Potion            |       |     1 |     4 ||     5
   Stab: Sleeping          |     1 |     3 |     2 ||     6
 Armour: Robe              |     1 |     2 |    10 ||    13
  Dodge: Dodged            |    10 |    14 |    49 ||    73

Table legend: (Time is in decaauts)
 A = Elapsed time spent in this place.
 B = Non-inter-level travel time spent in this place.
 C = Inter-level travel time spent in this place.
 D = Time resting spent in this place.
 E = Time spent auto-exploring this place.
 F = Levels seen in this place.
 G = Mean time per level.
                   A        B        C        D        E       F      G
               +--------+--------+--------+--------+--------+-----+--------+
         Total |   7486 |   7355 |    131 |   2254 |   3677 |   8 |  935.8 |
       Dungeon |   7231 |   7129 |    102 |   2254 |   3542 |   7 | 1033.0 |
        Temple |    254 |    226 |     28 |      0 |    134 |   1 |  254.0 |
               +--------+--------+--------+--------+--------+-----+--------+

Top non-repeatable levels by time:
     D:5: 1321 daAuts
     D:6: 1314 daAuts
     D:4: 1211 daAuts
     D:3: 1058 daAuts
     D:2: 928 daAuts
     D:1: 858 daAuts
     D:7: 539 daAuts
  Temple: 254 daAuts
